 Dungeon Crawl Stone Soup version 0.28-a0-938-gbc3f381ebc (webtiles) character file.

Game seed: 6225643306775767326

9730 Gwenloh the Geomancer (level 11, 0/60 HPs)
             Began as a Gargoyle Earth Elementalist on Nov 28, 2021.
             Was a Believer of Sif Muna.
             Slain by a seven-headed hydra (4 damage)
             ... on level 2 of the Lair of Beasts.
             The game lasted 00:31:21 (13962 turns).

Gwenloh the Geomancer (GrEE)                       Turns: 13962, Time: 00:31:23

Health: 0/60       AC: 15    Str: 13    XL:     11   Next: 51%
Magic:  4/22       EV: 26    Int: 18    God:    Sif Muna [**....]
Gold:   499        SH:  0    Dex: 10    Spells: 15/25 levels left

rFire   . . .      SeeInvis .   H - staff of earth
rCold   . . .      Faith    .   (no shield)
rNeg    + . .      Spirit   .   G - +0 troll leather armour
rPois   ∞          Reflect  .   (no helmet)
rElec   +          Harm     .   L - +1 cloak {Will+}
rCorr   +          Rampage  .   (no gloves)
Will    +....                   j - +0 pair of boots
Stlth   ++........              e - amulet of the acrobat
HPRegen 1.00/turn               p - ring of resist corrosion
MPRegen 0.18/turn               (no ring)

@: acrobatic
A: sickness immunity, AC +8, negative energy resistance 1, electricity
resistance, torment resistance 1, petrification resistance
a: Renounce Religion, Channel Magic


You were on level 2 of the Lair of Beasts.
You worshipped Sif Muna.
Sif Muna was pleased with you.
You visited 3 branches of the dungeon, and saw 12 of its levels.
You also visited: Sewer.

You collected 499 gold pieces.

Inventory:

Hand Weapons
 a - a +0 hand axe
 d - a +1 flail of protection
 z - a +0 quarterstaff
Missiles
 c - 99 stones
Armour
 b - a +0 robe
 h - a scarf of repulsion
 j - a +0 pair of boots (worn)
 G - a +0 troll leather armour (worn)
 L - a +1 cloak of willpower (worn)
Magical Staves
 H - a staff of earth (weapon)
Jewellery
 e - an amulet of the acrobat (around neck)
 p - a ring of resist corrosion (left hand)
 K - a ring of protection from cold
Wands
 D - a wand of paralysis (12)
 I - a wand of digging (8)
 J - a wand of iceblast (12)
Scrolls
 i - a scroll of torment
 l - a scroll of blinking
 o - 5 scrolls of teleportation
 q - 3 scrolls of fear {unknown}
 t - 2 scrolls of magic mapping
 u - a scroll of enchant weapon {unknown}
 v - 3 scrolls of noise {unknown}
 w - 2 scrolls of fog {unknown}
 y - a scroll of amnesia {unknown}
 A - 2 scrolls of brand weapon {unknown}
 C - a scroll of enchant armour {unknown}
 E - 2 scrolls of immolation {unknown}
Potions
 f - a potion of magic {unknown}
 g - 4 potions of haste {unknown}
 k - 7 potions of curing {unknown}
 m - 2 potions of attraction {unknown}
 n - 3 potions of flight {unknown}
 r - 2 potions of cancellation {unknown}
 s - 2 potions of invisibility {unknown}
 x - a potion of heal wounds {unknown}
 B - 2 potions of lignification {unknown}
 F - a potion of might {unknown}


   Skills:
 + Level 3.3 Fighting
 - Level 1.5 Dodging
 - Level 2.1 Stealth
 + Level 7.8 Spellcasting
 + Level 8.0 Conjurations
 - Level 0.7 Transmutations
 * Level 14.2 Earth Magic
 + Level 7.5 Invocations


You had 15 spell levels left.
You knew the following spells:

 Your Spells              Type           Power      Damage    Failure   Level
a - Sandblast             Erth           100%       2d20      1%          1
b - Stone Arrow           Conj/Erth      100%       3d13      1%          3
c - Petrify               Tmut/Erth      50%        N/A       6%          4
d - Passwall              Tmut/Erth      41%        N/A       1%          2

Your spell library contained the following spells:

 Spells                   Type           Power      Damage    Failure   Level
 Shock                    Conj/Air       84%        1d8       2%          1
 Animate Armour           Summ/Erth      96%        N/A       7%          4
 Dazzling Flash           Conj/Hex       42%        N/A       8%          3
 Slow                     Hex            28%        N/A       13%         1
 Iron Shot                Conj/Erth      31%        9d6       21%         6
 Iskenderun's Mystic Bla  Conj/Tloc      21%        2d6       24%         4
 Confusing Touch          Hex            7%         N/A       36%         3
 Frozen Ramparts          Ice            14%        1d3       36%         3
 Gell's Gravitas          Tloc           7%         N/A       36%         3
 Lesser Beckoning         Tloc           7%         N/A       36%         3
 Swiftness                Air            7%         N/A       36%         3
 Teleport Other           Tloc           7%         N/A       36%         3
 Tukima's Dance           Hex            7%         N/A       36%         3
 Vampiric Draining        Necr           7%         2d6       36%         3
 Ice Form                 Ice/Tmut       8%         N/A       73%         4
 Airstrike                Air            3%         N/A       77%         4
 Passage of Golubria      Tloc           7%         N/A       77%         4
 Summon Ice Beast         Ice/Summ       7%         N/A       77%         4
 Blade Hands              Tmut           4%         N/A       95%         5
 Yara's Violent Unravell  Hex/Tmut       4%         3d4       97%         5
 Starburst                Conj/Fire      10%        6d5       98%         6


Dungeon Overview and Level Annotations

Branches:
Dungeon (9/15)             Temple (1/1) D:5            Lair (2/6) D:8
  Sewer (visited)
  Swamp: Lair:2-4    Shoals: Lair:2-4     Snake: Lair:2-4    Spider: Lair:2-4
    Orc: D:9-12

Altars:
Ashenzari
Cheibriados
Dithmenos
Elyvilon
Fedhas
Gozag
Hepliaklqana
Kikubaaqudgha
Makhleb
Okawaru
Qazlal
Ru
Sif Muna
Trog
Uskayaw
Vehumet
Wu Jian
Xom
Yredelemnul
Zin
The Shining One

Annotations:
Lair:1 2 transporters, Fevoesid's ghost, journeyman MiFi


Innate Abilities, Weirdness & Mutations

You are immune to sickness and miasma.
Your stone body is resilient. (AC +8)
You are immune to poison.
You resist negative energy. (rN+)
You are resistant to electric shocks. (rElec)
You are resistant to unholy torment.
You are immune to petrification.


Message History

The seven-headed hydra bites you.
The seven-headed hydra bites you but does no damage.
The seven-headed hydra bites you!
Casting: Stone Arrow (safe; 1% risk of failure)
Confirm with . or Enter, or press ? or * to list all spells.
Aiming: Stone Arrow (safe; 1% risk of failure)
Press: ? - help, Shift-Dir - straight line, f/p - seven-headed hydra
Aim: a seven-headed hydra (lightly wounded, 92% to hit)
You feel a surge of power!
The stone arrow hits the seven-headed hydra!
The seven-headed hydra is moderately wounded.
The seven-headed hydra bites you but does no damage.
The seven-headed hydra bites you.
The seven-headed hydra barely misses you.
The seven-headed hydra bites you!
The seven-headed hydra barely misses you.
The seven-headed hydra bites you but does no damage. x2
Casting: Stone Arrow (safe; 1% risk of failure)
Confirm with . or Enter, or press ? or * to list all spells.
Aiming: Stone Arrow (safe; 1% risk of failure)
Press: ? - help, Shift-Dir - straight line, f/p - seven-headed hydra
Aim: a seven-headed hydra (moderately wounded, 92% to hit)
You feel a surge of power!
The stone arrow hits the seven-headed hydra!!
The seven-headed hydra is severely wounded.
The seven-headed hydra bites you but does no damage. x2
The seven-headed hydra bites you!
* * * LOW HITPOINT WARNING * * *
The seven-headed hydra bites you!
* * * LOW HITPOINT WARNING * * *
The seven-headed hydra bites you but does no damage.
The seven-headed hydra closely misses you.
The seven-headed hydra bites you but does no damage.
The seven-headed hydra barely misses you.
The seven-headed hydra completely misses you.
The seven-headed hydra closely misses you.
The seven-headed hydra misses you.
The seven-headed hydra completely misses you.
The seven-headed hydra bites you.
You die...

.## ##...#........ #.#
##........... .##
##.......... .#
###.......... ##
#P..##....... .##
##....#....... ..##
###....###...... ...## ###
###.......##.#.... #...###.#
###@.........####..#
......#.######.D.##......###
####
.........##....#####.......#
.............### #.......#
...[...P.....# ##......## ##
....##.......### #.......P#
#. ...###........P#
#........# #.
..###....>.....###
#........# #. ..
#..#........#.#
##.......####.


You could see a seven-headed hydra.

Vanquished Creatures
  A hydra (Lair:2)
  Erica (Lair:1)
  4 elephants
  A black mamba (Lair:1)
  A cane toad (Lair:1)
  A komodo dragon (Lair:1)
  A troll (D:8)
  A hornet (D:5)
  3 blink frogs (Lair:1)
  A wyvern (Lair:2)
  3 basilisks
  4 yaks (Lair:1)
  A steam dragon (D:8)
  2 water moccasins
  An orc warrior (D:5)
  2 black bears
  3 ogres
  6 wolves
  A phantom (D:6)
  6 kobold brigands (Sewer)
  8 bullfrogs
  A scorpion (D:6)
  5 killer bees (D:8)
  8 wights
  5 electric eels
  A howler monkey (D:8)
  7 hounds
  A centaur zombie (D:5)
  A jelly (D:4)
  2 bullfrog skeletons (D:7)
  3 orc priests
  A centaur skeleton (D:5)
  3 iguanas
  4 orc wizards
  Natasha (thrice) (D:2)
  A killer bee zombie (D:6)
  2 howler monkey zombies
  6 adders
  6 river rats
  2 shadow imps
  3 white imps
  2 adder skeletons
  4 worms
  A dart slug (D:1)
  25 orcs
  12 endoplasms
  4 giant cockroaches
  6 hobgoblins (D:2)
  11 kobolds
  5 quokkas
  10 ball pythons
  5 bats
  2 frilled lizards (D:3)
  6 goblins
  10 rats
220 creatures vanquished.

Vanquished Creatures (others)
  6 fungi
  8 plants
14 creatures vanquished.

Grand Total: 234 creatures vanquished

Notes
Turn   | Place    | Note
-------+----------+-------------------------------------------
     0 | D:1      | Gwenloh the Gargoyle Earth Elementalist began the quest for
                  | the Orb.
     0 | D:1      | Reached XP level 1. HP: 10/10 MP: 3/3
   446 | D:1      | Reached skill level 4 in Earth Magic
   450 | D:1      | Reached XP level 2. HP: 15/15 MP: 5/5
  1355 | D:1      | Found a faded altar of an unknown god.
  1441 | D:2      | Learned a level 2 spell: Passwall
  1655 | D:2      | Reached XP level 3. HP: 19/19 MP: 6/6
  1944 | D:2      | Reached skill level 5 in Earth Magic
  2116 | D:2      | Found a hazy altar of Hepliaklqana.
  2125 | D:2      | Reached XP level 4. HP: 16/24 MP: 8/8
  2235 | D:2      | Noticed Natasha
  2241 | D:2      | Learned a level 3 spell: Stone Arrow
  2251 | D:2      | Killed Natasha
  2306 | D:2      | Noticed Natasha
  2309 | D:2      | Killed Natasha
  2498 | D:2      | Reached XP level 5. HP: 28/28 MP: 6/9
  2604 | D:2      | Noticed Natasha
  2606 | D:2      | Killed Natasha
  2607 | D:2      | Reached skill level 6 in Earth Magic
  2612 | D:2      | Learned a level 4 spell: Petrify
  2740 | D:3      | Found a broken altar of Ashenzari.
  3134 | D:3      | Found a glowing drain.
  3143 | Sewer    | Entered a sewer
  3230 | Sewer    | Noticed a kobold brigand
  3243 | Sewer    | Killed a kobold brigand
  3244 | Sewer    | Reached skill level 7 in Earth Magic
  3244 | Sewer    | Reached XP level 6. HP: 32/32 MP: 1/11
  3715 | Sewer    | Reached skill level 1 in Conjurations
  3718 | Sewer    | Reached XP level 7. HP: 27/36 MP: 1/13
  4279 | Sewer    | Reached skill level 8 in Earth Magic
  4769 | D:3      | Found a shimmering altar of Xom.
  5269 | D:3      | Found a shimmering blue altar of Sif Muna.
  5272 | D:3      | Became a worshipper of Sif Muna the Loreminder
  5412 | D:4      | Found an iron altar of Okawaru.
  6191 | D:5      | Entered Level 5 of the Dungeon
  6202 | D:5      | Reached skill level 1 in Invocations
  6277 | D:5      | Reached XP level 8. HP: 39/41 MP: 6/14
  6453 | D:5      | Noticed a hornet
  6554 | D:5      | Killed a hornet
  6555 | D:5      | Reached skill level 9 in Earth Magic
  6854 | D:5      | Reached * piety under Sif Muna
  7155 | D:5      | Reached skill level 5 in Spellcasting
  7414 | D:5      | Found a staircase to the Ecumenical Temple.
  7422 | Temple   | Entered the Ecumenical Temple
  8371 | D:6      | Reached skill level 10 in Earth Magic
  8679 | D:6      | Reached XP level 9. HP: 45/45 MP: 10/17
  8886 | D:7      | Found a blossoming altar of Fedhas.
  8892 | D:7      | Found a burning altar of Makhleb.
  8893 | D:7      | Found a sacrificial altar of Ru.
  8894 | D:7      | Found a snail-covered altar of Cheibriados.
  9528 | D:7      | Reached skill level 5 in Conjurations
 10197 | D:8      | Reached skill level 11 in Earth Magic
 10257 | D:8      | Noticed a troll
 10262 | D:8      | Killed a troll
 10280 | D:8      | Reached ** piety under Sif Muna
 10464 | D:8      | Reached skill level 5 in Invocations
 10673 | D:8      | Reached XP level 10. HP: 46/50 MP: 11/19
 11036 | D:8      | Found a staircase to the Lair.
 11053 | D:8      | Reached skill level 12 in Earth Magic
 11687 | Lair:1   | Entered Level 1 of the Lair of Beasts
 11695 | Lair:1   | Noticed a cane toad
 11713 | Lair:1   | Noticed a cane toad
 11714 | Lair:1   | Found a transporter.
 11714 | Lair:1   | Noticed Fevoesid's ghost (journeyman MiFi)
 11736 | Lair:1   | Noticed a cane toad
 11769 | Lair:1   | Noticed a cane toad
 11863 | Lair:1   | Killed a cane toad
 11959 | Lair:1   | Noticed Erica
 11964 | Lair:1   | Killed Erica
 12034 | Lair:1   | Noticed a black mamba
 12039 | Lair:1   | Killed a black mamba
 12040 | Lair:1   | Reached skill level 13 in Earth Magic
 12369 | Lair:1   | Reached skill level 1 in Fighting
 12374 | Lair:1   | Reached XP level 11. HP: 46/56 MP: 13/21
 12442 | Lair:1   | Found a transporter.
 13284 | Lair:2   | Noticed a four-headed hydra
 13299 | Lair:2   | Killed a four-headed hydra
 13398 | Lair:2   | Reached skill level 14 in Earth Magic
 13752 | Lair:2   | Noticed a seven-headed hydra
 13959 | Lair:2   | HP: 1/60 [seven-headed hydra (11)]
 13962 | Lair:2   | Slain by a seven-headed hydra

Illustrated notes

Levels and vault maps discovered:
D:1:      minmay_arrival_loop, layout_rooms,
          shapermc_ecumenical_altar_mp_urbaneastern,
          minmay_misc_feat_secret_circle, minmay_circled_x
D:2:      layout_loops_ring, basic_altar, uniq_natasha
D:3:      layout_loops_cross, mainiacjoe_overflow_swirl,
          evilmike_ruin_ashenzari, lightli_sewer_entry_pipes
D:4:      layout_cave_pools, kennysheep_okawaru_gauntlet
D:5:      layout_loops_cross, minmay_temple_entry_proselytizer
D:6:      layout_gridville
D:7:      black_bear_nest_2, layout_basic, minitemple
D:8:      layout_basic, erik_lair_island
D:9:      layout_gridville, nemelex_spade_bored_becter, gammafunk_ghost_ooze,
          roderic_lattice_a, minivault_11
Temple:   nicolae_temple_figure_eight
Lair:1:   statuecave_lemuel, layout_cave_shapes, nzn_ghost_randoct,
          infiniplex_staircase_pool_2, uniq_erica
Lair:2:   layout_cave_pods, grunt_megastairs_3

Skill      XL: |  1  2  3  4  5  6  7  8  9 10 11 |
---------------+----------------------------------+-----
Earth Magic    | 4 5 7 8 10 11 13 14 | 14.2
Spellcasting   | 3 4 5 6 7 |  7.8
Conjurations   | 1 3 4 6 7 8 |  8.0
Invocations    | 1 3 5 6 7 |  7.5
Fighting       | 1 3 |  3.3
Dodging        | |  1.5
Stealth        | |  2.1
Transmutations | |  0.7

Action                   |  1- 3 |  4- 6 |  7- 9 | 10-12 || total
-------------------------+-------+-------+-------+-------++-------
Melee: Hand axe          |    97 |    90 |    25 |       ||   212
       Flail             |       |       |    10 |       ||    10
       Staff             |       |       |       |    35 ||    35
 Cast: Sandblast         |    19 |    33 |    71 |    47 ||   170
       Stone Arrow       |       |    14 |   106 |    79 ||   199
       Petrify           |       |       |     2 |     9 ||    11
Invok: Channel Magic     |       |       |     1 |     1 ||     2
  Use: Scroll            |       |     1 |     3 |       ||     4
 Stab: Sleeping          |     3 |     2 |       |       ||     5
       Petrified         |       |       |     8 |     5 ||    13
Armor: Robe              |    36 |    45 |    20 |       ||   101
       Troll leather arm |       |       |     5 |    57 ||    62
Dodge: Dodged            |    50 |    66 |    62 |    63 ||   241
       Repelled          |     1 |       |     3 |       ||     4

Table legend: (Time is in decaauts)
 A = Elapsed time spent in this place.
 B = Non-inter-level travel time spent in this place.
 C = Inter-level travel time spent in this place.
 D = Time resting spent in this place.
 E = Time spent auto-exploring this place.
 F = Levels seen in this place.
 G = Mean time per level.
                   A        B        C        D        E       F      G
               +--------+--------+--------+--------+--------+-----+--------+
         Total |  14234 |  13932 |    302 |   1625 |  10178 |  13 | 1094.9 |
       Dungeon |  10135 |   9856 |    279 |   1033 |   7375 |   9 | 1126.1 |
        Temple |    221 |    213 |      8 |      0 |    212 |   1 |  221.0 |
          Lair |   2204 |   2190 |     14 |    444 |   1325 |   2 | 1102.0 |
         Sewer |   1672 |   1672 |      0 |    148 |   1265 |   1 | 1672.0 |
               +--------+--------+--------+--------+--------+-----+--------+

Top non-repeatable levels by time:
   Sewer: 1672 daAuts
     D:8: 1626 daAuts
     D:1: 1452 daAuts
  Lair:1: 1360 daAuts
     D:5: 1312 daAuts
     D:7: 1269 daAuts
     D:2: 1266 daAuts
     D:3: 1181 daAuts
     D:6: 1161 daAuts
     D:4: 864 daAuts
  Lair:2: 844 daAuts
  Temple: 221 daAuts
     D:9: 1 daAuts
